 Dungeon Crawl Stone Soup version 0.20-a0-1018-ge435b50 (console) character file.

5147 pagos the Basher (level 10, -3/88 HPs)
             Began as a Minotaur Fighter on Apr 16, 2017.
             Slain by an eight-headed hydra (11 damage)
             ... on level 8 of the Dungeon.
             The game lasted 00:17:27 (5083 turns).

pagos the Basher (Minotaur Fighter)                 Turns: 5083, Time: 00:17:28

Health: -3/88      AC: 12    Str: 28    XL:     10   Next: 33%
Magic:  9/9        EV: 13    Int:  7    God:
Gold:   379        SH: 12    Dex: 13    Spells: 9/9 levels left

rFire    . . .     SeeInvis .   F - +3 morningstar (freeze)
rCold    + . .     Gourm    .   c - +0 shield
rNeg     . . .     Faith    .   q - +2 scale mail {rPois}
rPois    +         Spirit   .   (helmet restricted)
rElec    .         Reflect  .   g - scarf {rC+}
rCorr    +         Harm     .   (no gloves)
MR       .....                  (no boots)
Stlth    +.........             r - amulet of regeneration
Regen    0.7/turn               z - ring of resist corrosion
MPRegen  0.2/turn               H - ring of Fogaepro {rPois Str+4 Dex+3 Stlth+}

@: no status effects
A: retaliatory headbutt, beak, horns 2, slimy green scales 1, clever 1, sturdy
frame 1
a: no special abilities


You were on level 8 of the Dungeon.
You were not hungry.

You visited 1 branch of the dungeon, and saw 8 of its levels.

You collected 379 gold pieces.

Inventory:

Hand Weapons
 y - a +1 morningstar
 F - a +3 morningstar of freezing (weapon)
Armour
 c - a +0 shield (worn)
 g - a scarf of cold resistance (worn)
 q - a +2 scale mail of poison resistance (worn)
 C - a +1 scale mail of cold resistance
Jewellery
 n - an uncursed amulet of faith
 r - an amulet of regeneration (around neck)
 w - a +4 ring of intelligence
 z - a ring of resist corrosion (left hand)
 H - the ring of Fogaepro (right hand) {rPois Str+4 Dex+3 Stlth+}
   (You found it on level 8 of the Dungeon)

   [ring of strength]

   It affects your strength (+4).
   It affects your dexterity (+3).
   It protects you from poison.
   It makes you more stealthy.
Wands
 s - a wand of flame (32/48)
 x - a wand of polymorph (13/24)
 B - a wand of lightning (6/15)
 E - a wand of paralysis (8/24)
Scrolls
 b - 2 scrolls of teleportation
 p - 4 scrolls of identify
 G - a scroll of enchant armour {unknown}
Potions
 a - a potion of invisibility {unknown}
 e - 3 potions of mutation {unknown}
 i - a potion of agility {unknown}
 j - 6 potions of curing {unknown}
 l - 2 potions of ambrosia {unknown}
 m - 5 potions of haste
 t - a potion of degeneration {unknown}
 u - a potion of magic {unknown}
 v - 2 potions of flight {unknown}
 A - 5 potions of heal wounds {unknown}
 D - a potion of lignification {unknown}
Books
 d - a book of Cantrips

   Spells                             Type                      Level
   a - Confusing Touch                Hexes                        1
   b - Animate Skeleton               Necromancy                   1
   c - Summon Small Mammal            Summoning                    1
   d - Apportation                    Translocation                1
Comestibles
 f - 6 bread rations
 h - 3 meat rations
 k - 5 fruits
 o - 6 royal jellies


   Skills:
 + Level 7.9 Fighting
 * Level 11.6 Maces & Flails
 + Level 7.7 Armour
 + Level 5.9 Dodging
 + Level 9.0 Shields


You had 9 spell levels left.
You didn't know any spells.

Dungeon Overview and Level Annotations

Branches:
Dungeon (8/15)
 Temple: D:4-7         Lair: D:8-11

Altars:
Cheibriados
Hepliaklqana
Qazlal
Ru
Trog
Yredelemnul
The Shining One


Innate Abilities, Weirdness & Mutations

You reflexively headbutt those who attack you in melee.
You have a pair of horns on your head.
You have a beak for a mouth.
You are partially covered in slimy green scales. (AC +2)
Your mind is acute. (Int +2)
Your movements are slightly less encumbered by armour. (ER -2)


Message History

You peck the eight-headed hydra.
The eight-headed hydra is lightly wounded.
You block the eight-headed hydra's attack.
The eight-headed hydra barely misses you.
The eight-headed hydra bites you. x2; The eight-headed hydra bites you!
The eight-headed hydra closely misses you. x2
The eight-headed hydra bites you.
Okay, then.
You puncture the eight-headed hydra! You freeze the eight-headed hydra.
You headbutt the eight-headed hydra! You peck the eight-headed hydra!
The eight-headed hydra is heavily wounded.
The eight-headed hydra bites you!
* * * LOW HITPOINT WARNING * * *
The eight-headed hydra bites you!
* * * LOW HITPOINT WARNING * * *
The eight-headed hydra barely misses you.
The eight-headed hydra bites you but does no damage.
You block the eight-headed hydra's attack.
The eight-headed hydra misses you. The eight-headed hydra bites you!
You die...

# . ###### .##
#..... #.. ##
#.#### #.# (###
#.# #.#....##
#.# #.#K..K..
#.# #y9.9# ##.#
#D#...... .#.#
#@# ...####.#.#
#.## ### ..##.#
##†.# #.##.#
#.#### ..##.#
#.##.######.##.#
##..........##.#
###.######.##.#
###......##.#
###.##.##.#
###..##.#


You could see an eight-headed hydra, a kobold demonologist, a gargoyle and a
killer bee.

Vanquished Creatures
  The ghost of Elysium the Basher, a novice DrAK of Lugonu (D:6)
  A spiny frog (shapeshifter) (D:8)
  A komodo dragon (shapeshifter) (D:8)
  4 hogs (D:7)
  A human (D:7)
  Eustachio (D:4)
  The ghost of demenzo the Chiller, an amateur FeIE of Sif Muna (D:5)
  Duvessa (D:4)
  A sky beast (D:5)
  A black bear (D:8)
  An orc warrior (D:6)
  An ice beast (D:6)
  A hornet zombie (D:8)
  A phantom (D:6)
  4 centaurs
  2 ogres (D:5)
  3 bullfrogs
  A water moccasin zombie (D:7)
  5 scorpions
  2 water moccasin skeletons (D:5)
  Dowan (D:4)
  3 wights (D:7)
  6 howler monkeys
  3 crimson imps
  3 hounds
  A centaur zombie (D:3)
  A jelly (D:7)
  6 orc priests (D:5)
  5 orc wizards
  Jessica (D:2)
  3 iguanas
  Terence (D:2)
  5 worker ants
  A hound zombie (D:7)
  A howler monkey zombie (D:6)
  2 worker ant zombies
  Robin (D:4)
  4 gnolls (D:5)
  A howler monkey skeleton (D:4)
  5 adders
  A river rat (D:3)
  An adder zombie (D:7)
  2 worms (D:3)
  2 dart slugs
  9 leopard geckos
  25 orcs
  A ball python (D:3)
  7 bats
  2 giant cockroaches (D:3)
  13 goblins
  12 hobgoblins
  6 jackals (D:4)
  A quokka (D:7)
  A ball python skeleton (D:5)
  4 frilled lizards
  4 kobolds
  A leopard gecko skeleton (D:7)
  A leopard gecko zombie (D:7)
  7 rats
188 creatures vanquished.

Notes
Turn   | Place    | Note
-------+----------+-------------------------------------------
     0 | D:1      | pagos the Minotaur Fighter began the quest for the Orb.
     0 | D:1      | Reached XP level 1. HP: 19/19 MP: 0/0
    48 | D:1      | Reached skill level 3 in Maces & Flails
    98 | D:1      | Reached XP level 2. HP: 26/26 MP: 1/1
  1042 | D:2      | Noticed Terence
  1051 | D:2      | Killed Terence
  1051 | D:2      | Reached skill level 4 in Maces & Flails
  1051 | D:2      | Reached XP level 3. HP: 27/31 MP: 2/2
  1115 | D:2      | Found a snail-covered altar of Cheibriados.
  1163 | D:2      | Noticed Jessica
  1168 | D:2      | Killed Jessica
  1168 | D:2      | Reached XP level 4. HP: 39/39 MP: 3/3
  1224 | D:2      | Found a stormy altar of Qazlal.
  1226 | D:2      | Found a basalt altar of Yredelemnul.
  1524 | D:3      | Reached skill level 5 in Maces & Flails
  1566 | D:3      | Reached XP level 5. HP: 43/45 MP: 4/4
  1579 | D:3      | Found a bloodstained altar of Trog.
  1768 | D:3      | Reached skill level 5 in Shields
  1954 | D:3      | Reached skill level 6 in Maces & Flails
  2029 | D:3      | Found a sacrificial altar of Ru.
  2583 | D:4      | Noticed Dowan
  2584 | D:4      | Noticed Duvessa
  2591 | D:4      | Killed Dowan
  2591 | D:4      | Reached XP level 6. HP: 46/51 MP: 5/5
  2598 | D:4      | Killed Duvessa
  2598 | D:4      | Reached skill level 7 in Maces & Flails
  2627 | D:4      | Noticed Eustachio
  2640 | D:4      | Killed Eustachio
  2640 | D:4      | Reached skill level 1 in Dodging
  2640 | D:4      | Reached XP level 7. HP: 38/58 MP: 6/6
  2676 | D:4      | Noticed Robin
  2685 | D:4      | Killed Robin
  3298 | D:5      | Entered Level 5 of the Dungeon
  3328 | D:5      | Reached skill level 8 in Maces & Flails
  3412 | D:5      | Reached XP level 8. HP: 26/67 MP: 7/7
  3418 | D:5      | Reached skill level 5 in Fighting
  3439 | D:5      | Found a glowing golden altar of the Shining One.
  3466 | D:5      | Gained mutation: You are partially covered in slimy green scales. (AC +2) [mutagenic meat]
  3467 | D:5      | Gained mutation: Your movements are slightly less encumbered by armour. (ER -2) [mutagenic meat]
  3468 | D:5      | Gained mutation: You have a beak for a mouth. [mutagenic meat]
  3475 | D:5      | Gained mutation: Your mind is acute. (Int +2) [mutagenic meat]
  3615 | D:5      | You fall through a shaft for 2 floors!
  3619 | D:7      | Reached skill level 5 in Armour
  3665 | D:7      | Reached skill level 9 in Maces & Flails
  3972 | D:6      | Reached XP level 9. HP: 69/75 MP: 8/8
  3998 | D:6      | Noticed Elysium's ghost (novice DrAK)
  4022 | D:6      | Killed Elysium's ghost
  4022 | D:6      | Reached skill level 10 in Maces & Flails
  4335 | D:5      | Noticed demenzo's ghost (amateur FeIE)
  4345 | D:5      | Killed demenzo's ghost
  4347 | D:5      | Found a hazy altar of Hepliaklqana.
  4569 | D:7      | Reached skill level 5 in Dodging
  4583 | D:7      | Reached skill level 11 in Maces & Flails
  4678 | D:7      | Reached XP level 10. HP: 81/86 MP: 9/9
  4728 | D:7      | Paralysed by a wight for 7 turns
  5022 | D:8      | Got a scorched iron ring
  5023 | D:8      | Identified the ring of Fogaepro {rPois Str+4 Dex+3 Stlth+} (You found it on level 8 of the Dungeon)
  5049 | D:8      | Noticed a spiny frog
  5049 | D:8      | a raiju changed into a spiny frog
  5055 | D:8      | Killed a spiny frog
  5076 | D:8      | Noticed an eight-headed hydra
  5079 | D:8      | Noticed a gargoyle
  5083 | D:8      | Slain by an eight-headed hydra

Vault maps used:
D:1:      tarquinn_simple_flora_water_f
D:2:      grunt_temple_overflow_open, uniq_jessica, uniq_terence
D:3:      nicolae_overflow_crystal_walls, nicolae_ru_sacrificial_ziggurat,
          gup_sewer_entry_bowl, first_bread
D:4:      serial_co_window_serial, co_window_of_opportunity_a,
          co_window_corner_a, co_window_paths_a, co_window_paths_a,
          co_window_of_opportunity_a, co_window_of_opportunity_a,
          co_window_paths_c, co_window_unsneaky_path_e,
          co_window_unsneaky_path_c, co_window_4corner_b, co_window_paths_d,
          glass_columns_c, glass_columns_a, glass_columns_a, glass_columns_b,
          glass_columns_a, sigmund_army, uniq_eustachio, uniq_duvessa,
          uniq_robin
D:5:      old_standard_altar, old_standard_altar
D:6:      marbit_many_paths, kennysheep_little_box, minmay_temple_entry_poolview
D:7:      grunt_ministairs_1, grunt_livestock
D:8:      minmay_the_grid_triangle_9x9_line_8, lair_entry_dummy, serial_glass,
          glass_columns_a, glass_columns_a, trog_ov_bears_minmay

Skill      XL: |  1  2  3  4  5  6  7  8  9 10 |
---------------+-------------------------------+-----
Maces & Flails | 3 4 5 6 7 8 9 11 | 11.6
Shields        | 4 5 6 7 8 9 |  9.0
Armour         | 4 5 7 |  7.7
Dodging        | 1 2 3 5 |  5.9
Fighting       | 4 6 7 |  7.9

Action                   |  1- 3 |  4- 6 |  7- 9 | 10-12 || total
-------------------------+-------+-------+-------+-------++-------
Melee: Flail             |    59 |   162 |    79 |       ||   300
       Headbutt          |     6 |    23 |    69 |    14 ||   112
       Morningstar       |       |       |   242 |    53 ||   295
       Peck              |       |       |    41 |    10 ||    51
Evoke: Wand              |       |       |     1 |       ||     1
  Use: Scroll            |       |     4 |     2 |     4 ||    10
       Potion            |       |     1 |       |       ||     1
  Eat: Chunk             |       |     6 |    12 |     1 ||    19
Armor: Scale mail        |    33 |    46 |   110 |    11 ||   200
Dodge: Dodged            |    23 |    46 |   112 |    24 ||   205
Block: Shield            |    26 |    82 |   173 |    25 ||   306
